 Dungeon Crawl Stone Soup version 0.21.1-1-g345015fe64 (webtiles) character file.

253596 Jannitor the Jinx (level 19, 0/133 HPs)
             Began as a Demonspawn Chaos Knight on June 12, 2018.
             Slain by a tentacle (17 damage)
             ... attached to a kraken
             ... on level 3 of the Abyss on June 13, 2018.
             The game lasted 01:25:42 (36289 turns).

Jannitor the Jinx (Demonspawn Chaos Knight)        Turns: 36289, Time: 01:25:43

Health: 0/133      AC: 16    Str: 13 (15) XL:     19   Next: 0%
Magic:  0/32       EV: 14    Int: 19      God:    Xom [...*..]
Gold:   2356       SH: 13    Dex: 22 (23) Spells: 11/37 levels left

rFire    . . .     SeeInvis +   m - +9 demon blade (flame)
rCold    + . .     Gourm    .   p - +2 buckler {rC+}
rNeg     + . .     Faith    .   V - +0 troll leather armour
rPois    +         Spirit   +   (helmet unavailable)
rElec    +         Reflect  +   t - +2 cloak
rCorr    +         Harm     .   o - +2 pair of gloves {Dex+3}
MR       +....                  w - +1 pair of boots of Qifob {rCorr}
Stlth    +++.......             N - +5 amulet of reflection
HPRegen  0.72/turn              D - ring of Temptation {Wiz +Blink Int+7}
MPRegen  0.23/turn              r - ring of the Dreams {rElec Slay+3 SInv}

@: about to teleport, grasped by roots, slightly contaminated, constricted,
studying Long Blades, invisible, very slow
A: fangs 1, horns 3, thin skeletal structure 3, deterioration 1[+1], dopey 2,
frail 1, negative energy resistance 1, poison resistance, powered by death 2,
shaggy fur 2, electricity resistance, strong 1, [weak 2], magic shield
}: 2/15 runes: abyssal, gossamer
a: Renounce Religion, Evoke Blink


You were on level 3 of the Abyss.
You worshipped Xom.
You were a favourite toy of Xom.
You were near starving.

You visited 5 branches of the dungeon, and saw 30 of its levels.
You visited the Abyss 2 times.
You also visited: Labyrinth, Ice Cave and Wizlab.

You collected 3892 gold pieces.
You spent 1536 gold pieces at shops.

Inventory:

Hand Weapons
 m - a +9 demon blade of flaming (weapon)
 y - a +3 dagger of chaos
Armour
 o - a +2 pair of gloves of dexterity (worn)
 p - a +2 buckler of cold resistance (worn)
 t - a +2 cloak (worn)
 w - the +1 pair of boots of Qifob (worn) {rCorr}
   (You found it on level 1 of the Vaults)

   It protects you from acid and corrosion.
 U - the +0 pair of gloves of Fange {rElec rN+}
   (You found it in a labyrinth)

   It insulates you from electricity.
   It protects you from negative energy.
 V - a +0 troll leather armour (worn)
Jewellery
 r - the ring of the Dreams (right hand) {rElec Slay+3 SInv}
   (You took it off a minotaur in a labyrinth)

   [ring of see invisible]

   It affects your accuracy and damage with ranged weapons and melee attacks
   (+3).
   It insulates you from electricity.
   It lets you see invisible.
 s - an uncursed amulet of regeneration
 D - the ring of Temptation (left hand) {Wiz +Blink Int+7}
   (You found it in an ice cave)

   [ring of wizardry]

   It improves your spell success rate.
   It affects your intelligence (+7).
   It lets you blink.
 N - a +5 amulet of reflection (around neck)
 R - an uncursed ring of protection from fire
Wands
 a - a wand of iceblast (14)
 E - a wand of scattershot (13)
 K - a wand of flame (31)
 O - a wand of digging (24)
 P - a wand of acid (19)
Scrolls
 d - 5 scrolls of enchant armour
 j - 7 scrolls of fog
 k - 12 scrolls of identify
 q - 9 scrolls of teleportation
 u - a scroll of vulnerability
 x - 4 scrolls of fear
 B - 4 scrolls of holy word
 G - 8 scrolls of remove curse
 H - a scroll of summoning
 I - 8 scrolls of amnesia
 T - 2 scrolls of magic mapping
 Z - 5 scrolls of enchant weapon
Potions
 b - 2 potions of agility
 e - 5 potions of curing
 f - 6 potions of brilliance
 h - 2 potions of flight
 i - a potion of ambrosia
 l - a potion of invisibility
 n - a potion of resistance
 v - a potion of magic
 z - 2 potions of lignification
 A - a potion of mutation
 C - 5 potions of haste
 L - a potion of might
Books
 F - a book of Battle

   Spells                             Type                      Level
   a - Infusion                       Charms                       1
   b - Shroud of Golubria             Charms/Translocation         2
   c - Song of Slaying                Charms                       2
   d - Spectral Weapon                Hexes/Charms                 3
   e - Regeneration                   Charms/Necromancy            3
 S - a book of Power

   Spells                             Type                      Level
   a - Iskenderun's Battlesphere      Conjuration/Charms           5
   b - Venom Bolt                     Conjuration/Poison           5
   c - Bolt of Magma                  Conjuration/Fire/Earth       5
   d - Iron Shot                      Conjuration/Earth            6
   e - Orb of Destruction             Conjuration                  7
   f - Spellforged Servitor           Conjuration/Summoning        7
 W - a book of Alchemy

   Spells                             Type                      Level
   a - Sublimation of Blood           Necromancy                   2
   b - Ignite Poison                  Fire/Transmutation/Poison    3
   c - Petrify                        Transmutation/Earth          4
   d - Alistair's Intoxication        Transmutation/Poison         5
   e - Irradiate                      Conjuration/Transmutation    5
 X - a manual of Long Blades
Comestibles
 c - 29 rations
 J - 2 chunks of flesh


   Skills:
 + Level 12.9 Fighting
 - Level 6.1(10.8) Short Blades
 - Level 13.5(14.0) Long Blades
 + Level 9.0 Armour
 * Level 14.7 Dodging
 - Level 8.6 Stealth
 - Level 5.7 Shields
 + Level 9.5 Spellcasting
 + Level 9.4 Conjurations
 - Level 14.7 Hexes
 + Level 1.1 Charms
 - Level 4.0 Translocations


You had 11 spell levels left.
You knew the following spells:

 Your Spells              Type           Power        Failure   Level  Hunger
a - Slow                  Hex            ######..     1%          2    None
b - Apportation           Tloc           ###...       1%          1    None
c - Summon Butterflies    Summ           #.......     4%          1    None
d - Lesser Beckoning      Tloc           ###.......   2%          3    None
e - Invisibility          Hex            ######..     1%          6    ######.
f - Fulminant Prism       Conj/Hex       ######....   1%          4    ###....
g - Force Lance           Conj/Tloc      ####....     2%          4    ###....
h - Song of Slaying       Chrm           ##......     3%          2    None
i - Regeneration          Chrm/Necr      ##........   9%          3    None


Dungeon Overview and Level Annotations

Branches:
Dungeon (15/15)            Temple (0/1) D:5            Lair (6/6) D:9
 Shoals (0/4) Lair:2       Spider (4/4) Lair:4        Slime (0/5) Lair:6
    Orc (2/2) D:12            Elf (0/3) Orc:2        Vaults (3/5) D:13
  Crypt (0/3) Vaults:2     Depths (0/5) D:15

Altars:
Ashenzari
Dithmenos
Gozag
Kikubaaqudgha
Nemelex Xobeh
Okawaru
Qazlal
Vehumet
Xom
The Shining One
Beogh

Shops:
D:6 *   D:12 %   Orc:2 *?!%

Annotations:
D:2 1 runed door
Lair:6 exclusion: 2 oklob plants


Innate Abilities, Weirdness & Mutations

You have a pair of large horns on your head.
You have an unnaturally thin skeletal structure. (Dex +6, Stealth++)
You resist negative energy. (rN+)
You regenerate health from kills.
When hurt, damage is shared between your health and your magic reserves.
You have very sharp teeth.
You are very dopey. (Int -4)
You are frail. (-10% HP)
Your system is resistant to poisons. (rPois)
You are covered in thick fur. (AC +2)
You are resistant to electric shocks. (rElec)
Your muscles are strong. (Str +2)
[Your body often deteriorates upon taking damage.]
[You are very weak. (Str -4)]


Message History

You block the tentacle's attack.
The tentacled monstrosity completely misses you.
The tentacled monstrosity tentacle-slaps you.
* * * LOW HITPOINT WARNING * * *
The tentacled monstrosity tentacle-slaps you but does no damage.
* * * LOW HITPOINT WARNING * * *
The tentacled monstrosity constricts you!
The tentacle closely misses you.
The apocalypse crab completely misses you.
You block the apocalypse crab's attack. The kraken barely misses you.
The tentacled monstrosity tentacle-slaps you but does no damage.
The tentacled monstrosity misses you.
You block the tentacled monstrosity's attack. 2 tentacles come into view.
You feel much better. The tentacle slaps you!!
* * * LOW HITPOINT WARNING * * *
Your body deteriorates!
You feel clumsy. The tentacle slaps you!
You die...
Xom roars with laughter!

# ... ..# . .. . .....
≈ .... ..≈.# . .. .≈
§§.#.#### . .. ..
§..#≈#..## .≈
.≈≈.≈....≈XX───## #
...≈.≈.§§≈.X≈≈tXX>#≈≈≈#
. #..* ..X≈≈≈w@w≈≈≈≈≈#
.# #. #§..∩≈≈wXf*≈≈≈≈≈≈
. ### §†..≈≈w≈≈≈≈≈≈≈≈#
##.§§.#..≈≈≈....#≈≈≈#
#.. #Y...≈≈≈...##≈≈≈# #
##. §##..#≈#..## ≈##
..##§ ...#.#### ## ##
...### ...


You could see a kraken, 2 tentacled monstrosities, a shambling mangrove, a
wretched star, an apocalypse crab, 3 thrashing horrors, a large abomination and
4 tentacles.

Vanquished Creatures
  An ancient lich (WizLab)
  Arachne (Spider:3)
  Jorgrun (Spider:4)
  The ghost of zuik the Executioner, an adept HOBe of Trog (Vaults:1)
  Agnes (D:15)
  A sphinx (Vaults:2)
  An orc warlord (Orc:1)
  A deep elf sorcerer (Vaults:1)
  4 vault wardens
  3 ghost moths
  4 emperor scorpions
  A stone giant (Vaults:3)
  4 ironheart preservers
  2 deep elf demonologists (Vaults:1)
  2 entropy weavers
  3 spark wasps
  An ettin (Lair:6)
  3 mummy priests (WizLab)
  A minotaur (Lab)
  2 fire dragons (D:15)
  Josephine (D:10)
  A great orb of eyes (Vaults:1)
  9 ogre magi
  A yaktaur captain (Vaults:1)
  2 ice dragons
  A vault guard (D:13)
  2 centaur warriors
  6 hydras
  37 two-headed ogres
  An anaconda (Spider:1)
  Erica (Orc:1)
  3 death knights
  2 death yaks (Lair:5)
  6 death scarabs (Spider:4)
  A queen ant (Spider:3)
  A tengu warrior (D:15)
  3 thrashing horrors (Abyss:3)
  3 skeletal warriors (Vaults:1)
  4 deep elf knights
  6 unseen horrors
  5 deep trolls
  A shadow demon (Abyss:3)
  2 shadow wraiths (Vaults:2)
  A flayed ghost (Vaults:3)
  4 ironbrand convokers
  5 wizards
  A swamp dragon (Lair:6)
  A harpy (Vaults:2)
  A spectral wolf spider (Spider:4)
  A lindwurm (Lair:4)
  3 wolf spider zombies
  4 deep elf archers
  5 necromancers
  8 orc knights
  An iron dragon zombie (Abyss:3)
  13 ugly things
  20 wolf spiders
  5 cyclopes
  15 orb spiders
  9 deep elf magi
  A frost giant zombie (WizLab)
  A mana viper (shapeshifter) (Vaults:1)
  3 orc sorcerers
  2 manticores
  A stone giant zombie (WizLab)
  A fire giant zombie (WizLab)
  A merfolk siren (Lair:2)
  2 moths of wrath
  A spriggan zombie (WizLab)
  9 elephants
  A worldbinder (Abyss:3)
  2 guardian serpents
  2 stone giant skeletons
  Maurice (D:13)
  A torpor snail (Spider:2)
  22 spiny frogs
  3 demonspawn zombies (WizLab)
  5 vault sentinels
  An orange demon (Abyss:3)
  3 ice statues (IceCv)
  7 black mambas
  A smoke demon (Abyss:3)
  Joseph (D:8)
  A gargoyle (D:11)
  3 kobold demonologists (D:12)
  2 rime drakes
  4 centaur skeletons
  An efreet (D:14)
  A rime drake (shapeshifter) (Vaults:2)
  6 yaktaurs
  A redback zombie (Spider:4)
  4 spectral redbacks (Spider:4)
  18 demonic crawlers
  4 komodo dragons
  2 tengu conjurers (D:13)
  4 guardian mummies (WizLab)
  4 ice devils
  2 ancient zymes
  3 freezing wraiths
  41 jumping spiders
  16 trolls
  A polar bear (Lair:3)
  3 jumping spider zombies (Spider:4)
  23 blink frogs
  A wolf spider simulacrum (D:15)
  4 spectral tarantellas (Spider:4)
  14 hornets
  An ice dragon zombie (Vaults:1)
  5 spectral jumping spiders (Spider:4)
  19 slime creatures
  2 fire dragon zombies (WizLab)
  6 hippogriffs
  7 raiju (Abyss:3)
  4 large abominations (Abyss:3)
  A shadow (D:9)
  A frost giant simulacrum (Vaults:2)
  A redback (shapeshifter) (Spider:3)
  8 wraiths
  65 redbacks
  28 tarantellas
  2 water elementals (D:15)
  8 wyverns
  4 fire bats
  18 humans (D:13)
  12 yaks
  5 basilisks
  2 vampire mosquitoes (D:15)
  2 steam dragons (Lair:6)
  3 hungry ghosts
  Menkaure (D:7)
  A soldier ant (D:11)
  3 wargs
  2 acid dragons
  A torturous demonspawn zombie (WizLab)
  13 porcupines
  19 water moccasins
  9 ice beasts
  3 small abominations
  4 spectral hornets (Spider:4)
  22 orc warriors
  4 sky beasts
  5 phantoms
  A swamp drake (shapeshifter) (D:9)
  2 swamp drakes (Lair:6)
  4 black bears
  A hornet zombie (Spider:4)
  45 ogres
  4 boggarts (D:15)
  9 wolves
  5 centaurs (Vaults:3)
  10 crocodiles
  7 big kobolds
  17 bullfrogs
  A gnoll sergeant (D:7)
  6 scorpions
  17 killer bees
  5 wights (D:6)
  2 howler monkeys
  3 electric eels
  3 crimson imps
  A quasit (Abyss:2)
  A yaktaur simulacrum (Vaults:1)
  5 hounds
  25 orc priests
  2 bullfrog skeletons
  A jelly (D:12)
  A gnoll shaman (Orc:2)
  3 iguanas (Lair:6)
  28 orc wizards
  8 worker ants
  6 ogre zombies (D:12)
  2 hound zombies
  3 hound skeletons
  A worker ant zombie (D:10)
  13 gnolls
  2 river rats
  11 adders
  2 shadow imps
  A white imp (Abyss:3)
  A howler monkey simulacrum (D:11)
  2 adder skeletons
  6 worms
  2 leopard geckos
  91 orcs
  3 ball pythons
  7 bats
  4 giant cockroaches
  5 goblins
  8 hobgoblins
  17 jackals
  4 quokkas
  4 frilled lizards
  2 goblin zombies (D:12)
  A hobgoblin skeleton (D:12)
  A hobgoblin zombie (D:12)
  32 kobolds
  5 orc skeletons (D:12)
  10 orc zombies (D:12)
  27 rats
  2 fungi
  3 plants
1255 creatures vanquished.

Vanquished Creatures (collateral kills)
  A stone giant (Orc:2)
  2 hydras
  2 death yaks (Lair:5)
  A skeletal warrior (Vaults:1)
  A deep troll (Orc:2)
  5 elephants (Lair:6)
  A black mamba (Lair:6)
  The ghost of Jannitor the Skirmisher, a novice BaCK of Xom (D:9)
  A rime drake (Lair:4)
  A komodo dragon (Lair:5)
  A spectral jumping spider (Spider:4)
  3 blink frogs
  A redback (Lair:6)
  3 wyverns (Lair:6)
  3 yaks
  A basilisk (Lair:4)
  3 orc warriors
  2 crocodiles
  A jelly (D:8)
  2 orc priests
  7 orcs
  A fungus (Lair:5)
44 creatures vanquished.

Vanquished Creatures (others)
  An ogre mage (Vaults:1)
  2 death scarabs (Spider:4)
  A deep elf knight (Vaults:2)
  An elephant (Lair:4)
  A porcupine (Lair:1)
  A yak (Abyss:3)
  A sky beast (D:7)
  A boggart (D:15)
  2 ogres (Orc:2)
  An orc (Vaults:1)
  A hobgoblin (D:3)
  A kobold (D:12)
  5 fulminant prisms
  54 fungi
  60 plants
  7 tentacles (Abyss:3)
140 creatures vanquished.

Grand Total: 1439 creatures vanquished

Notes
Turn   | Place    | Note
-------+----------+-------------------------------------------
     0 | D:1      | Jannitor the Demonspawn Chaos Knight began the quest for the Orb.
     0 | D:1      | Reached XP level 1. HP: 18/18 MP: 1/1
    60 | D:1      | XOM: divination: detect creatures
    79 | D:1      | Reached skill level 1 in Dodging
   290 | D:1      | XOM: harmless Fire miscast
   386 | D:1      | XOM: divination: magic mapping
   542 | D:1      | Found a shattered altar of Ashenzari.
   560 | D:1      | XOM: mild Fire miscast
   716 | D:2      | Reached skill level 1 in Stealth
   716 | D:2      | Gained mutation: You regenerate a little health from kills. [demonic ancestry]
   716 | D:2      | Reached XP level 2. HP: 21/24 MP: 2/2
   792 | D:2      | XOM: scenery: 2 doors open
   808 | D:2      | Gained mutation: You have a somewhat thin skeletal structure. (Dex +2, Stealth) [demonic ancestry]
   808 | D:2      | Reached XP level 3. HP: 25/29 MP: 3/3
  1119 | D:2      | XOM: fog
  1161 | D:2      | Found a glowing golden altar of the Shining One.
  1225 | D:2      | XOM: polymorph worm -> howler monkey
  1234 | D:2      | Reached XP level 4. HP: 21/35 MP: 4/4
  1347 | D:2      | XOM: fog
  1384 | D:2      | XOM: cloud trail
  1542 | D:2      | XOM: medium Erth miscast
  1598 | D:2      | XOM: cloud trail
  1605 | D:2      | Found a runed door.
  1631 | D:2      | Reached XP level 5. HP: 41/42 MP: 5/5
  2960 | D:4      | XOM: god gift: 3 silver javelins
  3033 | D:4      | XOM: potion effect (might)
  3034 | D:4      | Gained mutation: You have a moderately thin skeletal structure. (Dex +4, Stealth+) [demonic ancestry]
  3034 | D:4      | Reached XP level 6. HP: 32/48 MP: 6/6
  3099 | D:4      | XOM: 2-stop teleportation journey
  3122 | D:4      | Found a stormy altar of Qazlal.
  3271 | D:4      | XOM: give mutations
  3271 | D:4      | Gained mutation: You are somewhat resistant to further mutation. [Xom's grace]
  3271 | D:4      | Gained mutation: You are agile. (Dex +2) [Xom's grace]
  3271 | D:4      | Gained mutation: You are covered in fur. (AC +1) [Xom's grace]
  3271 | D:4      | Gained mutation: You have supernaturally acute eyesight. (SInv) [Xom's grace]
  3424 | D:4      | XOM: god gift: book of Debilitation
  3429 | D:4      | Learned a level 2 spell: Slow
  3553 | D:4      | XOM: scenery: 1 doors open, 2 doors close
  3728 | D:4      | XOM: cloud trail
  3842 | D:5      | Entered Level 5 of the Dungeon
  3976 | D:5      | XOM: give mutations
  3976 | D:5      | Gained mutation: Your spells are a little harder to cast, but a little more powerful. [Xom's grace]
  3976 | D:5      | Gained mutation: Your muscles are strong. (Str +2) [Xom's grace]
  3979 | D:5      | Found a staircase to the Ecumenical Temple.
  4026 | D:5      | XOM: summons 3 hostile shadow creatures
  4129 | D:5      | XOM: butterfly on damage
  4129 | D:5      | XOM: smoke on damage
  4131 | D:5      | Gained mutation: You regenerate health from kills. [demonic ancestry]
  4131 | D:5      | Reached XP level 7. HP: 31/55 MP: 7/7
  4133 | D:5      | Reached skill level 1 in Hexes
  4326 | D:5      | XOM: scenery: create altars
  4409 | D:5      | XOM: scenery: create altars
  4418 | D:5      | XOM: god gift: 17 stones
  4485 | D:5      | XOM: confuse monster(s)
  4491 | D:5      | XOM: medium Erth miscast
  4499 | D:5      | Reached skill level 5 in Stealth
  4669 | D:6      | Found an ancient bone altar of Kikubaaqudgha.
  4716 | D:6      | XOM: cleaving
  4719 | D:6      | XOM: chaos upgrade
  4723 | D:6      | Reached XP level 8. HP: 47/61 MP: 8/8
  4725 | D:6      | Reached skill level 5 in Fighting
  4754 | D:6      | XOM: cast spell 'Dispersal'
  4779 | D:6      | XOM: mild Fire miscast
  4800 | D:6      | XOM: butterfly on damage
  4897 | D:6      | Found a sparkling altar of Nemelex Xobeh.
  4936 | D:6      | Found Lzxe's Luxury Loot.
  4941 | D:6      | Bought a potion of lignification for 36 gold pieces
  5230 | D:6      | You fall through a shaft for 2 floors!
  5342 | D:8      | Reached skill level 5 in Short Blades
  5378 | D:7      | Noticed Menkaure
  5381 | D:7      | Killed Menkaure
  5474 | D:7      | Found an iron altar of Okawaru.
  5474 | D:7      | Found a shadowy altar of Dithmenos.
  5475 | D:7      | Found an opulent altar of Gozag.
  5535 | D:7      | XOM: scenery: create altars
  5536 | D:7      | Gained mutation: You have a pair of small horns on your head. [demonic ancestry]
  5536 | D:7      | Reached XP level 9. HP: 54/69 MP: 9/9
  5551 | D:7      | XOM: harmless Summ miscast
  5566 | D:7      | XOM: fog
  5738 | D:7      | XOM: harmless Necr miscast
  6270 | D:6      | XOM: noise
  6367 | D:8      | XOM: confusion (+ monsters)
  6560 | D:8      | Noticed Joseph
  6575 | D:8      | XOM: summons 4 friendly demons
  6655 | D:7      | XOM: summons 4 hostile demons
  6669 | D:8      | Killed Joseph
  6752 | D:8      | XOM: summons 4 hostile demons
  7276 | D:8      | XOM: blink monster(s)
  7510 | D:7      | XOM: medium Ice miscast
  7606 | D:7      | XOM: mild Conj miscast
  7808 | D:8      | XOM: noise
  7818 | D:8      | Reached skill level 5 in Dodging
  7832 | D:9      | XOM: summons 3 friendly demons
  7841 | D:8      | XOM: scenery: create altars
  7855 | D:8      | Reached skill level 1 in Spellcasting
  8027 | D:9      | XOM: summons 5 friendly demons
  8427 | D:9      | Found a staircase to the Lair.
  8453 | D:9      | XOM: cast spell 'Shadow Creatures'
  8463 | D:9      | Reached XP level 10. HP: 77/77 MP: 12/12
  8546 | D:9      | XOM: confuse monster(s)
  8558 | D:9      | Reached skill level 5 in Hexes
  8778 | D:9      | Lost mutation: Your muscles are strong. (Str +2) [potion of mutation]
  8778 | D:9      | Lost mutation: You have supernaturally acute eyesight. (SInv) [potion of mutation]
  8784 | D:9      | Noticed Jannitor's ghost (novice BaCK)
  8793 | D:9      | XOM: potion effect (magic)
  8893 | D:10     | Entered Level 10 of the Dungeon
  9007 | D:10     | Reached skill level 1 in Long Blades
  9031 | D:10     | XOM: silly message
  9044 | D:9      | XOM: potion effect (brilliance)
  9045 | D:9      | XOM: potion effect (curing)
  9055 | D:9      | XOM: harmless Tmut miscast
  9088 | D:9      | XOM: harmless Fire miscast
  9292 | D:9      | XOM: summons 3 friendly demons
  9296 | D:9      | Killed Jannitor's ghost
  9386 | D:9      | XOM: god gift: wand of enslavement (11)
  9750 | Lair:1   | Entered Level 1 of the Lair of Beasts
  9750 | Lair:1   | Noticed an eight-headed hydra
  9750 | Lair:1   | Noticed a black mamba
  9762 | Lair:1   | Killed a seven-headed hydra
  9785 | Lair:1   | XOM: destruction
  9786 | Lair:1   | Killed a black mamba
 10188 | Lair:1   | XOM: fog
 10244 | Lair:1   | Noticed a five-headed hydra
 10373 | Lair:1   | Killed a one-headed hydra
 10390 | Lair:1   | XOM: divination: detect creatures
 10483 | Lair:1   | Noticed a spiny frog
 10494 | Lair:1   | Killed a spiny frog
 10494 | Lair:1   | Gained mutation: When hurt, damage is shared between your health and your magic reserves. [demonic ancestry]
 10494 | Lair:1   | Reached XP level 11. HP: 46/85 MP: 14/14
 10696 | Lair:1   | XOM: cast spell 'Shadow Creatures'
 10742 | Lair:1   | XOM: give mutation
 10742 | Lair:1   | Gained mutation: Your system is resistant to poisons. (rPois) [Xom's grace]
 10976 | Lair:1   | XOM: give mutations
 10976 | Lair:1   | Gained mutation: Your flesh is cold resistant. (rC+) [Xom's grace]
 10976 | Lair:1   | Gained mutation: Your muscles are strong. (Str +2) [Xom's grace]
 10976 | Lair:1   | Gained mutation: You have very sharp teeth. [Xom's grace]
 11009 | Lair:2   | XOM: scenery: create altars
 11014 | Lair:2   | Found a radiant altar of Vehumet.
 11020 | Lair:2   | XOM: summons 11 friendly demons
 11043 | Lair:2   | Reached skill level 5 in Long Blades
 11117 | Lair:2   | XOM: blink monster(s)
 11277 | Lair:2   | Found a staircase to the Shoals.
 11290 | Lair:2   | XOM: enchant monster (bad)
 11735 | Lair:2   | XOM: cleaving
 12234 | Lair:3   | XOM: smoke on damage
 12358 | Lair:3   | Found a frozen archway.
 12373 | Lair:3   | XOM: harmless Fire miscast
 12381 | Lair:3   | XOM: fog
 12389 | Lair:3   | XOM: summons 8 friendly demons
 12559 | IceCv    | Entered an ice cave
 12655 | IceCv    | Learned a level 1 spell: Apportation
 12657 | IceCv    | Learned a level 1 spell: Summon Butterflies
 12661 | IceCv    | Learned a level 3 spell: Lesser Beckoning
 12811 | IceCv    | Noticed a white ugly thing
 12816 | IceCv    | XOM: 2-stop teleportation journey
 12817 | IceCv    | Noticed a white ugly thing
 12827 | IceCv    | Killed a white ugly thing
 12833 | IceCv    | XOM: chaos cloud
 12835 | IceCv    | XOM: fog
 12842 | IceCv    | XOM: swap monsters
 12858 | IceCv    | XOM: chaos cloud
 12859 | IceCv    | Reached skill level 1 in Translocations
 12976 | IceCv    | XOM: medium Tloc miscast
 13109 | IceCv    | XOM: summons 2 friendly demons
 13123 | IceCv    | Killed a white ugly thing
 13398 | IceCv    | Got a transparent amber ring
 13400 | IceCv    | Identified the ring of Temptation {Wiz +Blink Int+7} (You found it in an ice cave)
 13408 | IceCv    | Got a steaming shortbow
 13444 | Lair:3   | Identified the cursed +1 shortbow "Xudinuut" {flame, rF+ Int+4 Stlth-} (You found it in an ice cave)
 13473 | Lair:3   | XOM: 7-stop teleportation journey
 13710 | Lair:3   | XOM: god gift: 20 gold pieces
 13716 | Lair:3   | XOM: noise
 13721 | Lair:3   | Reached XP level 12. HP: 80/94 MP: 12/15
 13775 | Lair:3   | XOM: summons 2 hostile shadow creatures
 13817 | Lair:2   | XOM: give mutation
 13817 | Lair:2   | Lost mutation: Your spells are a little harder to cast, but a little more powerful. [Xom's mischief]
 14436 | Lair:4   | XOM: divine lightning
 14528 | Lair:4   | XOM: stat loss: -1 Dex (18/19)
 14594 | Lair:4   | XOM: confuse monster(s)
 14644 | Lair:4   | XOM: fog
 14674 | Lair:4   | Found a hole to the Spider Nest.
 14919 | Lair:4   | XOM: summons 3 friendly demons
 15026 | Lair:4   | Noticed a four-headed hydra
 15034 | Lair:4   | XOM: fog
 15035 | Lair:4   | XOM: noise
 15047 | Lair:4   | XOM: repel stairs
 15051 | Lair:4   | Killed a one-headed hydra
 15182 | Lair:4   | XOM: noise
 15185 | Lair:4   | XOM: noise
 15188 | Lair:4   | XOM: summons 12 friendly demons
 15196 | Lair:4   | Noticed a four-headed hydra
 15201 | Lair:4   | Killed a three-headed hydra
 15462 | Lair:4   | XOM: summons 6 hostile demons
 15632 | Lair:5   | XOM: god gift: 16 gold pieces
 15708 | Lair:5   | XOM: mild Chrm miscast
 15851 | Lair:5   | Noticed a death yak
 15851 | Lair:5   | Noticed a death yak
 15869 | Lair:5   | XOM: fake destruction
 15879 | Lair:5   | XOM: divination: detect items
 15883 | Lair:5   | Killed a death yak
 15886 | Lair:5   | Noticed a death yak
 15888 | Lair:5   | Noticed a death yak
 15892 | Lair:5   | XOM: cleaving
 15902 | Lair:5   | XOM: cast spell 'Summon Dragon'
 15911 | Lair:5   | Killed a death yak
 15911 | Lair:5   | Killed a death yak
 15913 | Lair:5   | Killed a death yak
 16053 | Lair:5   | Noticed a six-headed hydra
 16058 | Lair:5   | Killed a five-headed hydra
 16363 | Lair:5   | Reached XP level 13. HP: 74/101 MP: 14/18
 16505 | Lair:5   | XOM: polymorph five-headed hydra -> ice dragon
 16633 | Lair:4   | XOM is BORED!
 16633 | Lair:4   | XOM: medium Pois miscast
 16714 | Lair:5   | XOM: cloud trail
 16794 | Lair:5   | XOM: silly message
 17002 | Lair:5   | XOM: mild Air miscast
 17040 | Lair:5   | XOM: noise
 17234 | Lair:5   | XOM: give mutation
 17234 | Lair:5   | Lost mutation: Your muscles are strong. (Str +2) [Xom's mischief]
 17345 | Lair:6   | Entered Level 6 of the Lair of Beasts
 17345 | Lair:6   | Found a labyrinth entrance.
 17353 | Lab      | Entered a labyrinth
 17592 | Lab      | XOM: medium Ice miscast
 17806 | Lab      | Learned a level 6 spell: Invisibility
 17828 | Lab      | Noticed a minotaur
 17837 | Lab      | XOM: summons friendly quasit
 17852 | Lab      | Killed a minotaur
 17854 | Lab      | Got a smoking copper ring
 17871 | Lab      | Got a pair of encrusted gloves
 17882 | Lab      | Identified the cursed +0 pair of gloves of Fange {rElec rN+} (You found it in a labyrinth)
 17891 | Lab      | Learned a level 4 spell: Fulminant Prism
 17911 | Lair:6   | XOM: summons friendly crimson imp
 17960 | Lair:5   | XOM: god gift: potion of haste
 18067 | Lair:5   | Identified the ring of the Dreams {rElec Slay+3 SInv} (You took it off a minotaur in a labyrinth)
 18089 | Lair:5   | XOM: noise
 18210 | Lair:6   | XOM: enchant monster (bad)
 18229 | Lair:6   | XOM: confuse monster(s)
 18230 | Lair:6   | Reached skill level 1 in Conjurations
 18232 | Lair:6   | XOM: mild Conj miscast
 18340 | Lair:6   | XOM: swap monsters
 18355 | Lair:5   | XOM: summons 2 hostile demons
 18447 | Lair:6   | XOM: 2-stop teleportation journey
 18453 | Lair:6   | XOM: 1-stop teleportation journey
 18456 | Lair:6   | Reached skill level 10 in Dodging
 18489 | Lair:6   | XOM: cast spell 'Summon Dragon'
 18579 | Lair:6   | Reached skill level 10 in Fighting
 18698 | Lair:6   | XOM: mild Ice miscast
 18981 | Lair:6   | XOM: blink monster(s)
 19013 | Lair:6   | Reached skill level 5 in Spellcasting
 19259 | Lair:6   | XOM: medium Conj miscast
 19512 | Lair:6   | Gained mutation: You have a pair of horns on your head. [demonic ancestry]
 19512 | Lair:6   | Reached XP level 14. HP: 110/110 MP: 21/21
 19537 | Lair:6   | XOM: fog
 19552 | Lair:6   | XOM: harmless Pois miscast
 19768 | Lair:6   | XOM: divination: detect creatures
 19796 | Lair:6   | Found a staircase to the Slime Pits.
 20047 | Lair:6   | XOM: polymorph fire dragon -> ettin
 20092 | Lair:6   | XOM: god gift: 40 gold pieces
 20401 | Lair:1   | XOM: harmless Fire miscast
 20845 | D:10     | Noticed Josephine
 20856 | D:10     | XOM: summons friendly ufetubus
 20859 | D:10     | Killed Josephine
 20915 | D:10     | XOM: mild Air miscast
 21312 | D:11     | Reached skill level 10 in Long Blades
 21420 | D:11     | XOM: give mutation
 21420 | D:11     | Gained mutation: You are covered in thick fur. (AC +2) [Xom's grace]
 21497 | D:11     | XOM: god gift: ration
 21597 | D:11     | XOM: cast spell 'Metabolic Englaciation'
 21642 | D:11     | XOM: blink monster(s)
 21732 | D:11     | Reached skill level 10 in Hexes
 21772 | D:12     | XOM: confuse monster(s)
 21876 | D:12     | Found a staircase to the Orcish Mines.
 21917 | D:12     | XOM: 1-stop teleportation journey
 21990 | D:12     | XOM: summons friendly iron imp
 22118 | D:12     | XOM: silly message
 22181 | D:12     | Found Hoboorir's Food Shoppe.
 22202 | D:12     | XOM: divination: detect creatures
 22205 | D:12     | XOM: polymorph iron imp -> quasit
 22283 | D:12     | Identified 2 scrolls of acquirement
 22400 | D:12     | XOM: summons 3 hostile demons
 22565 | Orc:1    | Entered Level 1 of the Orcish Mines
 22567 | Orc:1    | XOM: give mutations
 22567 | Orc:1    | Lost mutation: You are somewhat resistant to further mutation. [Xom's mischief]
 22567 | Orc:1    | Gained mutation: Your muscles are strong. (Str +2) [Xom's mischief]
 22567 | Orc:1    | Gained mutation: You are resistant to hostile enchantments. (MR+) [Xom's mischief]
 22567 | Orc:1    | Lost mutation: You are agile. (Dex +2) [Xom's mischief]
 22574 | Orc:1    | Noticed an orc warlord
 22589 | Orc:1    | Killed an orc warlord
 22774 | Orc:2    | Entered Level 2 of the Orcish Mines
 22774 | Orc:2    | Found a staircase to the Elven Halls.
 22819 | Orc:2    | XOM: harmless Hex miscast
 22928 | Orc:1    | Noticed Erica
 22946 | Orc:1    | Killed Erica
 23186 | Orc:1    | XOM: give mutations
 23186 | Orc:1    | Gained mutation: You are clumsy. (Dex -2) [Xom's mischief]
 23186 | Orc:1    | Gained mutation: You have large cloven feet. [Xom's mischief]
 23224 | Orc:2    | XOM: mild Chrm miscast
 23278 | Orc:2    | XOM: give mutations
 23278 | Orc:2    | Gained mutation: You are frail. (-10% HP) [Xom's mischief]
 23278 | Orc:2    | Lost mutation: You are clumsy. (Dex -2) [Xom's mischief]
 23278 | Orc:2    | Lost mutation: You are resistant to hostile enchantments. (MR+) [Xom's mischief]
 23278 | Orc:2    | Lost mutation: You have large cloven feet. [Xom's mischief]
 23312 | Orc:2    | XOM: swap monsters
 23321 | Orc:2    | Lost mutation: Your muscles are strong. (Str +2) [potion of mutation]
 23321 | Orc:2    | Lost mutation: Your flesh is cold resistant. (rC+) [potion of mutation]
 23321 | Orc:2    | Lost mutation: You are frail. (-10% HP) [potion of mutation]
 23321 | Orc:2    | Gained mutation: You have a pair of large horns on your head. [potion of mutation]
 23406 | Orc:2    | Found a roughly hewn altar of Beogh.
 23464 | Orc:2    | XOM: confusion
 23466 | Orc:2    | XOM: give mutations
 23466 | Orc:2    | Gained mutation: You are robust. (+10% HP) [Xom's grace]
 23466 | Orc:2    | Gained mutation: You have sharp toenails. [Xom's grace]
 23466 | Orc:2    | Gained mutation: You are resistant to electric shocks. (rElec) [Xom's grace]
 23474 | Orc:2    | XOM: give mutations
 23474 | Orc:2    | Gained mutation: Your muscles are strong. (Str +2) [Xom's grace]
 23474 | Orc:2    | Gained mutation: You are agile. (Dex +2) [Xom's grace]
 23551 | Orc:2    | XOM: enchant monster (bad)
 23558 | Orc:2    | Found Joaducku's General Store.
 23568 | Orc:2    | Reached skill level 5 in Armour
 23574 | Orc:2    | XOM: harmless Summ miscast
 23578 | Orc:2    | Noticed a stone giant
 23582 | Orc:2    | XOM: god gift: short smoking staff {god gift}
 23599 | Orc:2    | XOM: summons 7 friendly demons
 23602 | Orc:2    | XOM: blink monster(s)
 23607 | Orc:2    | XOM: mild Ice miscast
 23614 | Orc:2    | Gained mutation: You have an unnaturally thin skeletal structure. (Dex +6, Stealth++) [demonic ancestry]
 23614 | Orc:2    | Reached XP level 15. HP: 128/128 MP: 5/24
 23614 | Orc:2    | XOM: potion effect (magic)
 23623 | Orc:2    | Reached skill level 5 in Conjurations
 23648 | Orc:2    | Found Ynielui's Distillery.
 23649 | Orc:2    | Found Juruaxyo's Food Shop.
 23649 | Orc:2    | XOM: summons 1 hostile demon
 23663 | Orc:2    | Found Peda's Magic Scroll Emporium.
 23679 | Orc:2    | Bought a scroll of enchant weapon for 120 gold pieces
 23679 | Orc:2    | Bought a scroll of magic mapping for 56 gold pieces
 24269 | D:6      | Bought a manual of Long Blades for 1324 gold pieces
 24452 | D:13     | XOM: enchant monster (bad)
 24460 | D:13     | XOM: summons friendly iron imp
 24490 | D:13     | Reached skill level 1 in Shields
 24522 | D:13     | Found a gate to the Vaults.
 24540 | D:13     | XOM: butterfly on damage
 24722 | D:13     | Noticed Maurice
 24729 | D:13     | Killed Maurice
 24901 | D:13     | Learned a level 4 spell: Force Lance
 25197 | D:14     | XOM: give mutation
 25197 | D:14     | Lost mutation: You are agile. (Dex +2) [Xom's mischief]
 25275 | D:14     | XOM: medium Fire miscast
 25433 | D:14     | XOM: 4-stop teleportation journey
 25441 | D:14     | XOM: scenery: create altars
 25672 | D:14     | XOM: draining
 25835 | D:15     | Entered Level 15 of the Dungeon
 25877 | D:15     | Noticed Agnes
 25883 | D:15     | XOM: confusion
 25968 | D:14     | XOM: noise
 26022 | D:15     | XOM: 2-stop teleportation journey
 26027 | D:15     | XOM: fake destruction
 26211 | D:15     | Found a staircase to the Depths.
 26211 | D:15     | XOM: 3-stop teleportation journey
 26253 | D:15     | XOM: mild Summ miscast
 26598 | D:15     | XOM: confusion
 26623 | D:15     | XOM: torment (65/129 hp)
 26731 | D:15     | XOM: enchant monster (bad)
 26741 | D:15     | Killed Agnes
 26946 | D:11     | XOM: summons 3 hostile shadow creatures
 27130 | Lair:3   | XOM: harmless Necr miscast
 27147 | Spider:1 | Entered Level 1 of the Spider Nest
 27197 | Spider:1 | XOM: divine lightning
 27209 | Spider:1 | XOM: polymorph wolf spider -> anaconda
 27215 | Spider:1 | XOM: smoke on damage
 27220 | Spider:1 | XOM: harmless Chrm miscast
 27223 | Spider:1 | XOM: enchant monster (bad)
 27297 | Spider:1 | XOM: polymorph electric eel -> river rat
 27342 | Spider:1 | Noticed a ghost moth
 27460 | Spider:1 | Reached XP level 16. HP: 131/137 MP: 26/26
 27672 | Spider:1 | XOM: enchant monster (bad)
 27686 | Spider:1 | XOM: confuse monster(s)
 27734 | Spider:1 | XOM: summons 12 friendly demons
 27939 | Spider:1 | XOM: noise
 28067 | Spider:2 | XOM: divination: magic mapping
 28148 | Spider:2 | XOM: confuse monster(s)
 28251 | Spider:2 | XOM: confuse monster(s)
 28269 | Spider:2 | XOM: medium Tmut miscast
 28651 | Spider:2 | XOM: medium Pois miscast
 28862 | Spider:2 | XOM: enchant monster (bad)
 29154 | Spider:2 | XOM: repel stairs
 29325 | Spider:2 | XOM: harmless Summ miscast
 29359 | Spider:3 | Noticed Arachne
 29363 | Spider:3 | XOM: medium Fire miscast
 29380 | Spider:3 | Killed Arachne
 29436 | Spider:2 | XOM: draining
 29578 | Spider:3 | XOM: harmless Tloc miscast
 29583 | Spider:3 | XOM: polymorph demonic crawler -> efreet
 29587 | Spider:3 | XOM: polymorph efreet -> ice devil
 29703 | Spider:3 | XOM: cast spell 'Leda's Liquefaction'
 29707 | Spider:3 | XOM: polymorph emperor scorpion -> queen ant
 29798 | Spider:3 | XOM: scenery: create altars
 29801 | Spider:3 | XOM: mild Ice miscast
 29818 | Spider:3 | XOM: torment (86/138 hp)
 29924 | Spider:3 | XOM: summons 8 hostile demons
 30097 | Spider:3 | Paralysed by a hornet for 3 turns
 30103 | Spider:3 | XOM: polymorph hornet -> big kobold
 30466 | Spider:3 | XOM: give mutation
 30466 | Spider:3 | Gained mutation: You are clumsy. (Dex -2) [Xom's mischief]
 30644 | Spider:4 | Entered Level 4 of the Spider Nest
 30830 | Spider:4 | XOM: medium Tmut miscast
 30838 | Spider:4 | XOM: mild Ice miscast
 30881 | Spider:4 | XOM: give mutations
 30881 | Spider:4 | Gained mutation: You are dopey. (Int -2) [Xom's mischief]
 30881 | Spider:4 | Lost mutation: You are robust. (+10% HP) [Xom's mischief]
 30881 | Spider:4 | Gained mutation: [Your body sometimes deteriorates upon taking damage.] [Xom's mischief]
 30900 | Spider:4 | XOM: give mutations
 30900 | Spider:4 | Gained mutation: You are frail. (-10% HP) [Xom's mischief]
 30900 | Spider:4 | Lost mutation: You have a pair of large horns on your head. [Xom's mischief]
 30900 | Spider:4 | Lost mutation: You are clumsy. (Dex -2) [Xom's mischief]
 30900 | Spider:4 | Gained mutation: Armour fits poorly on your strangely shaped body. [Xom's mischief]
 30910 | Spider:4 | XOM: god gift: 5 exploding tomahawks
 30996 | Spider:4 | Gained mutation: You have a pair of large horns on your head. [demonic ancestry]
 30996 | Spider:4 | Reached XP level 17. HP: 117/119 MP: 25/28
 31060 | Spider:4 | Noticed Jorgrun
 31060 | Spider:4 | XOM: fog
 31063 | Spider:4 | XOM: summons friendly ufetubus
 31081 | Spider:4 | Killed Jorgrun
 31095 | Spider:4 | XOM: cleaving
 31313 | Spider:4 | XOM: destruction
 31322 | Spider:4 | XOM: summons friendly ufetubus
 31327 | Spider:4 | XOM: summons 3 friendly demons
 31377 | Spider:4 | Got a gossamer rune of Zot
 31458 | Spider:4 | XOM: 5-stop teleportation journey
 31835 | Vaults:1 | Entered Level 1 of the Vaults
 31955 | Vaults:1 | Got a pair of crude boots
 31993 | Vaults:1 | Identified the +1 pair of boots of Qifob {rCorr} (You found it on level 1 of the Vaults)
 32034 | Vaults:1 | Reached skill level 5 in Shields
 32063 | Vaults:1 | XOM: divination: detect items
 32122 | Vaults:1 | XOM: confuse monster(s)
 32134 | Vaults:1 | Cast into level 2 of the Abyss (a deep elf demonologist)
 32153 | Abyss:2  | XOM: divination: detect items
 32249 | Vaults:1 | Escaped the Abyss
 32251 | Vaults:1 | XOM: divination: detect items
 32254 | Vaults:1 | XOM: potion effect (invisibility)
 32256 | Vaults:1 | XOM: fog
 32258 | Vaults:1 | Noticed a Hell Sentinel
 32364 | Vaults:1 | Gained mutation: You are very dopey. (Int -4) [mutagenic glow]
 32371 | Vaults:1 | XOM: scenery: 2 doors open
 32374 | Vaults:1 | Noticed zuik's ghost (adept HOBe)
 32390 | Vaults:1 | Killed zuik's ghost
 32496 | Vaults:1 | XOM: god gift: 34 gold pieces
 32770 | Vaults:1 | XOM: enchant monster (good)
 32847 | Vaults:1 | Paralysed by a great orb of eyes for 4 turns
 32857 | Vaults:1 | Reached XP level 18. HP: 87/126 MP: 16/30
 32920 | Vaults:1 | Found an iron altar of Okawaru.
 32991 | Vaults:1 | XOM: enchant monster (good)
 33000 | Vaults:1 | XOM: summons 16 friendly demons
 33066 | Vaults:1 | XOM: 2-stop teleportation journey
 33171 | Vaults:1 | XOM: give mutations
 33171 | Vaults:1 | Lost mutation: You have sharp toenails. [Xom's mischief]
 33171 | Vaults:1 | Lost mutation: Armour fits poorly on your strangely shaped body. [Xom's mischief]
 33178 | Vaults:1 | XOM: enchant monster (good)
 33729 | Vaults:2 | Found a magical portal.
 33759 | WizLab   | Entered Doroklohe's Tomb
 33967 | WizLab   | XOM: divination: magic mapping
 34000 | WizLab   | Noticed an ancient lich
 34010 | WizLab   | XOM: divination: detect items
 34044 | WizLab   | XOM: smoke on damage
 34067 | WizLab   | XOM: destruction
 34071 | WizLab   | XOM: blink monster(s)
 34190 | WizLab   | XOM: cleaving
 34201 | WizLab   | XOM: confuse monster(s)
 34203 | WizLab   | XOM: divination: magic mapping
 34246 | WizLab   | XOM: cast spell 'Summon Small Mammal'
 34253 | WizLab   | XOM: summons friendly shadow imp
 34261 | WizLab   | Paralysed by an ancient lich for 2 turns
 34264 | WizLab   | Killed an ancient lich
 34823 | Vaults:1 | You fall through a shaft!
 34828 | Vaults:2 | XOM: divination: detect creatures
 35035 | Vaults:2 | XOM: 4-stop teleportation journey
 35063 | Vaults:2 | Found a staircase to the Crypt.
 35422 | Vaults:2 | XOM: mild Erth miscast
 35427 | Vaults:2 | XOM: confuse monster(s)
 35489 | Vaults:2 | XOM: confuse monster(s)
 35668 | Vaults:2 | XOM: divination: magic mapping
 35777 | Vaults:3 | XOM: divination: magic mapping
 35784 | Vaults:3 | XOM: fake destruction
 35954 | Vaults:3 | XOM: summons friendly crimson imp
 35964 | Vaults:3 | XOM: divination: detect items
 35964 | Vaults:3 | Cast into level 3 of the Abyss (a deep elf sorcerer)
 35991 | Abyss:3  | Learned a level 2 spell: Song of Slaying
 36005 | Abyss:3  | Learned a level 3 spell: Regeneration
 36135 | Abyss:3  | XOM: cast spell 'Necromutation'
 36214 | Abyss:3  | XOM: summons 4 friendly demons
 36216 | Abyss:3  | Reached skill level 1 in Charms
 36222 | Abyss:3  | XOM: polymorph ufetubus -> white imp
 36246 | Abyss:3  | XOM: noise
 36247 | Abyss:3  | XOM: destruction
 36271 | Abyss:3  | Gained mutation: You resist negative energy. (rN+) [demonic ancestry]
 36271 | Abyss:3  | Reached XP level 19. HP: 132/133 MP: 22/32
 36275 | Abyss:3  | XOM: polymorph fire crab -> yak
 36279 | Abyss:3  | Got an abyssal rune of Zot
 36287 | Abyss:3  | HP: 3/133 [tentacled monstrosity (15)]
 36289 | Abyss:3  | Slain by a tentacle

Skill      XL: |  1  2  3  4  5  6  7  8  9 10 11 12 13 14 15 16 17 18 |
---------------+-------------------------------------------------------+-----
Dodging        | 1 2 3 4 5 6 7 9 10 11 12 13 14 | 14.7
Stealth        | 1 2 3 4 5 7 8 |  8.6
Short Blades   | 3 4 5 6 |  6.1
Fighting       | 4 5 6 7 8 9 10 11 12 | 12.9
Hexes          | 2 3 4 5 7 8 9 10 11 12 13 14 | 14.7
Spellcasting   | 1 2 3 5 6 7 8 9 |  9.5
Long Blades    | 4 6 8 9 10 12 13 | 13.5
Armour         | 3 4 5 6 7 8 9 |  9.0
Translocations | 1 3 4 |  4.0
Conjurations   | 3 4 6 7 8 9 |  9.4
Shields        | 2 4 5 |  5.7
Charms         | 1 |  1.1

Action                   |  1- 3 |  4- 6 |  7- 9 | 10-12 | 13-15 | 16-18 | 19-21 || total
-------------------------+-------+-------+-------+-------+-------+-------+-------++-------
Melee: Short sword       |    98 |   293 |   112 |       |       |       |       ||   503
       Dagger            |       |       |   324 |    64 |       |     5 |       ||   393
       Headbutt          |       |       |    58 |   191 |   373 |   474 |     1 ||  1097
       Demon blade       |       |       |       |   512 |  1285 |  1421 |     1 ||  3219
       Bite              |       |       |       |    82 |   211 |   252 |     2 ||   547
       Unarmed           |       |       |       |       |       |    18 |       ||    18
 Cast: Slow              |       |       |       |    15 |     5 |     2 |       ||    22
       Summon Butterflie |       |       |       |     2 |       |       |       ||     2
       Fulminant Prism   |       |       |       |       |     4 |     1 |       ||     5
       Invisibility      |       |       |       |       |    13 |    11 |     1 ||    25
       Apportation       |       |       |       |       |       |     3 |     1 ||     4
 Abil: Evoke Blink       |       |       |       |       |     1 |       |     1 ||     2
Evoke: Wand              |       |       |    10 |    10 |     7 |       |       ||    27
  Use: Potion            |     1 |     1 |     2 |    12 |     8 |     4 |     3 ||    31
       Scroll            |       |     9 |     7 |    13 |    25 |    16 |     3 ||    73
 Stab: Sleeping          |     1 |     7 |     7 |    21 |    37 |    43 |       ||   116
       Confused          |       |     1 |     5 |     4 |     2 |    11 |       ||    23
       Paralysed         |       |     2 |     2 |       |       |     3 |       ||     7
       Distracted        |       |       |     3 |    11 |     6 |    10 |       ||    30
       Petrifying        |       |       |     1 |       |       |     2 |       ||     3
       Invisible         |       |       |     1 |       |    80 |    63 |       ||   144
       Held in net/web   |       |       |       |       |       |     1 |       ||     1
  Eat: Chunk             |     1 |     9 |     7 |    16 |    34 |    19 |       ||    86
       Ration            |       |       |     2 |     3 |     4 |     4 |       ||    13
Armor: Leather armour    |    43 |    88 |     6 |       |       |       |       ||   137
       Robe              |       |       |    93 |   131 |   127 |       |       ||   351
       Skin              |       |       |       |    32 |       |       |       ||    32
       Troll leather arm |       |       |       |       |    89 |   178 |    17 ||   284
Dodge: Dodged            |    59 |   196 |   291 |   515 |  1053 |   950 |    21 ||  3085
Block: Other             |       |       |       |       |   176 |     3 |       ||   179
       Reflection        |       |       |       |       |     5 |    16 |       ||    21
       Buckler           |       |       |       |       |   213 |   706 |    17 ||   936
       Rpst.: Demon blade |       |       |       |   130 |   252 |   177 |     1 ||   560
